 Dungeon Crawl Stone Soup version 0.30.1-9-gdf580d7c3d (webtiles) character file.

Game seed: 7640975789045185841

14016 H0rd4k the Slicer (level 12, -1/91 HPs)
             Began as a Human Artificer on Oct 23, 2023.
             Was an Initiate of Gozag.
             Slain by a wolf (4 damage)
             ... in a Gauntlet on Oct 24, 2023.
             The game lasted 00:28:24 (12120 turns).

H0rd4k the Slicer (Human Artificer)                Turns: 12120, Time: 00:28:25

Health: -1/91      AC:  9    Str: 15    XL:     12   Next: 39%
Magic:  31/31      EV: 14    Int: 19    God:    Gozag
Gold:   690        SH:  0    Dex: 12    Spells: 18/25 levels left

rFire   . . .        b - +10 arbalest "Nejusitt" {freeze, Str+3 Int+4 Dex-4 Stlth+}
rCold   . . .        (shield currently unavailable)
rNeg    . . .        O - +3 leather armour {rPois}
rPois   +            (no helmet)
rElec   .            j - +0 cloak {Stlth+}
rCorr   .            u - +1 pair of gloves
SInv    .            (no boots)
Will    .....        N - amulet of regeneration
Stlth   ++++         z - ring of magical power
HPRegen 1.15/turn    B - ring of flight
MPRegen 0.22/turn

%: no teleportation
@: flying
A: no striking features
a: Renounce Religion, Potion Petition, Call Merchant, Bribe Branch


You were in a Gauntlet.
You worshipped Gozag.
Gozag was pleased with you.
You visited 3 branches of the dungeon, and saw 12 of its levels.
You also visited: Bailey and Gauntlet.

You collected 1805 gold pieces.
You spent 256 gold pieces at shops.
You paid 859 gold pieces to Gozag.

Inventory:

Hand Weapons
 b - the +10 arbalest "Nejusitt" (weapon) {freeze, Str+3 Int+4 Dex-4 Stlth+}
   (You bought it in a shop on level 9 of the Dungeon)

   Str:       It affects your strength (+3).
   Int:       It affects your intelligence (+4).
   Dex:       It affects your dexterity (-4).
   Stlth:     It makes you more stealthy.
 g - a +2 vampiric dagger
 l - a +1 short sword of electrocution
 v - a +3 short sword of holy wrath
 y - a +1 dagger of venom
 I - a +1 shortbow of flaming
 M - a +4 great sword
Missiles
 f - 37 poisoned darts
 m - a throwing net
Armour
 j - a +0 cloak of stealth (worn)
 u - a +1 pair of gloves (worn)
 O - a +3 leather armour of poison resistance (worn)
Jewellery
 q - a ring of protection from cold
 s - a ring of willpower
 z - a ring of magical power (left hand)
 B - a ring of flight (right hand)
 G - a ring of fire
 N - an amulet of regeneration (around neck)
Wands
 c - a wand of flame (11)
Scrolls
 n - a scroll of poison
 w - 4 scrolls of immolation
 x - a scroll of teleportation
 C - a scroll of fog
Potions
 a - 2 potions of attraction
 d - 2 potions of cancellation {unknown}
 e - 3 potions of resistance
 h - 2 potions of haste
 i - 4 potions of might
 o - 3 potions of mutation {unknown}
 p - 7 potions of heal wounds {unknown}
 r - 8 potions of brilliance {unknown}
 A - 3 potions of magic
 E - a potion of flight {unknown}
 F - 3 potions of ambrosia {unknown}
 H - a potion of degeneration {unknown}
 K - 3 potions of invisibility {unknown}
 L - 3 potions of lignification {unknown}


   Skills:
 - Level 7.3 Fighting
 - Level 9.1 Short Blades
 + Level 0.1(5.6) Long Blades
 - Level 0.3 Maces & Flails
 - Level 0.1 Polearms
 * Level 6.3 Ranged Weapons
 + Level 0.1 Throwing
 - Level 2.0 Armour
 - Level 6.9 Dodging
 + Level 3.7 Stealth
 + Level 0.1 Shields
 + Level 7.1 Spellcasting
 + Level 0.1 Conjurations
 + Level 4.5 Hexes
 + Level 0.7 Summonings
 + Level 0.2 Necromancy
 + Level 1.1 Translocations
 + Level 2.0 Transmutations
 + Level 0.2 Fire Magic
 + Level 0.3 Ice Magic
 + Level 0.2 Air Magic
 + Level 0.2 Earth Magic
 + Level 0.2 Poison Magic
 + Level 0.5 Invocations
 - Level 7.1 Evocations


You had 18 spell levels left.
You knew the following spells:

 Your Spells              Type           Power      Damage    Failure   Level
a - Tukima's Dance        Hex            23%        N/A       6%          3
b - Cause Fear            Hex            11%        N/A       19%         4

Your spell library contained the following spells:

 Spells                   Type           Power      Damage    Failure   Level
 Beastly Appendage        Tmut           28%        N/A       5%          1
 Ensorcelled Hibernation  Hex/Ice        30%        N/A       7%          2
 Apportation              Tloc           22%        N/A       8%          1
 Summon Small Mammal      Summ           36%        N/A       9%          1
 Wereblood                Tmut           14%        N/A       9%          2
 Necrotise                Necr           28%        1d5       11%         1
 Spider Form              Tmut/Pois      11%        N/A       22%         3
 Anguish                  Hex/Necr       7%         N/A       43%         4
 Passage of Golubria      Tloc           11%        N/A       58%         4
 Yara's Violent Unravell  Hex/Tmut       9%         3d6       65%         5
 Enfeeble                 Hex            11%        N/A       100%        7


Dungeon Overview and Level Annotations

Branches:
Dungeon (10/15)            Temple (1/1) D:5            Lair (1/5) D:9
 Bailey (visited)         Gauntlet (1/1)
    Orc: D:9-12

Altars:
Ashenzari
Dithmenos
Elyvilon
Fedhas
Gozag
Hepliaklqana
Kikubaaqudgha
Makhleb
Nemelex Xobeh
Okawaru
Qazlal
Ru
Sif Muna
Trog
Uskayaw
Vehumet
Wu Jian
Xom
Zin
The Shining One

Shops:
D:8 =   D:9 :(

Annotations:
D:2 1 runed translucent door, exclusion: door, Crazy Yiuf
D:6 Maggie
D:9 exclusion: upstairs Gauntlet 17 transporters, 21 runed translucent doors


Message History

Press: ? - help, Q - select action, (/) - cycle Shift-Dir - straight line, f/p - wolf
Aim: a wolf (heavily wounded, 56% to hit)
You shoot a bolt. The bolt closely misses the wolf.
The wolf bites you but does no damage. The wolf bites you. x3
* * * LOW HITPOINT WARNING * * *
The wolf closely misses you. The wolf misses you.
The wolf bites you but does no damage. The wolf barely misses you.
Fire: b) +10 arbalest "Nejusitt" {freeze, Str+3 Int+4 Dex-4 Stlth+}
Press: ? - help, Q - select action, (/) - cycle Shift-Dir - straight line, f/p - wolf
Aim: a wolf (heavily wounded, 56% to hit)
You shoot a bolt. The bolt closely misses the wolf.
The wolf bites you but does no damage. x3; The wolf completely misses you.
The wolf misses you. The wolf bites you but does no damage. The wolf bites you!
* * * LOW HITPOINT WARNING * * *
The wolf closely misses you. The wolf bites you.
* * * LOW HITPOINT WARNING * * *
Fire: b) +10 arbalest "Nejusitt" {freeze, Str+3 Int+4 Dex-4 Stlth+}
Press: ? - help, Q - select action, (/) - cycle Shift-Dir - straight line, f/p - wolf
Aim: a wolf (heavily wounded, 56% to hit)
You shoot a bolt. The bolt completely misses the wolf.
The wolf bites you!
* * * LOW HITPOINT WARNING * * *
The wolf closely misses you.
The wolf bites you but does no damage. x2
The wolf bites you.
* * * LOW HITPOINT WARNING * * *
The wolf bites you.
* * * LOW HITPOINT WARNING * * *
You feel better. The wolf completely misses you. The wolf bites you.
* * * LOW HITPOINT WARNING * * *
The wolf misses you. The wolf bites you.
* * * LOW HITPOINT WARNING * * *
The wolf closely misses you. The wolf barely misses you.
As you read the scroll of fear, it crumbles to dust.
You assume a fearsome visage.
The wolf looks frightened!
The wolf resists with some effort.
The wolf looks frightened! x2
The wolf bites you but does no damage. The wolf bites you.
* * * LOW HITPOINT WARNING * * *
It was a potion of magic.
Magic courses through your body. The wolf bites you.
You die...
Your body crumbles into a pile of gold.

##.###.#..+.©.+..#.#...# #...#.#.
######################## ########
©...........©#≈§≈≈8≈≈§≈#©........
.#################### ## ##
.#≈≈8≈§#©.........©.........©#§§8
.################################
.#.^.^.....#.#)=#.©.#..#.#Z......
.#^..^^....#.##..#.#..##.#..##.##
.#.....^...#.#^#@h#..#^#.#.#..#..
.#".g.....g#.#..#.^.#..#.#.#..#..
©#©.^.©....#.##..#.#..##.#Z.#####
##.........#.#h#..#.h#.#.#.#.©#..
.#?..^.....#.#h.#.©.#^.#.#.#..#..
.#..^......#.#...#.#...#.#..##.##
.#.........#.#...$#....#.#.Z.ZZZ.
.###########.###########.########
..................©..............


You could see 4 wolves and a boggart.

Vanquished Creatures
  Erica (D:8)
  A two-headed ogre (D:9)
  Pikel (D:7)
  An orc knight (Bailey)
  A cyclops (D:9)
  A necromancer (Gauntlet)
  Maurice (D:8)
  A black mamba (Lair:1)
  A smoke demon (D:10)
  2 cane toads (Lair:1)
  A kobold demonologist (D:9)
  A rime drake (Lair:1)
  2 komodo dragons (Lair:1)
  Grinder (D:6)
  A troll (D:10)
  3 shadows
  A wyvern (D:9)
  20 yaks
  Grum (D:8)
  6 water moccasins
  3 ice beasts
  An orc warrior (D:7)
  4 centaurs
  An ogre (D:4)
  8 wolves
  3 phantoms
  2 kobold brigands (D:9)
  3 gnoll sergeants
  3 bullfrogs
  A scorpion (D:7)
  2 wights (D:6)
  5 howler monkeys
  3 jellies
  4 orc priests
  2 hounds
  2 sleepcaps
  2 iguanas
  Terence (D:2)
  6 orc wizards
  Robin (D:2)
  2 adders (D:3)
  34 gnolls
  5 worms
  3 dart slugs
  19 orcs
  4 ball pythons
  6 bats
  9 endoplasms
  3 giant cockroaches
  5 hobgoblins
  4 jackals (D:4)
  5 quokkas
  9 frilled lizards
  19 goblins
  9 kobolds
  8 rats
249 creatures vanquished.

Vanquished Creatures (collateral kills)
  Joseph (D:7)
  A centaur (D:7)
  4 wights
  2 jellies
  2 gnolls (D:6)
  An orc (D:4)
  A hobgoblin (D:4)
12 creatures vanquished.

Vanquished Creatures (others)
  Edmund (D:6)
  An orc (D:4)
  A goblin (D:2)
  A kobold (D:9)
4 creatures vanquished.

Grand Total: 265 creatures vanquished

Notes
Turn   | Place    | Note
-------+----------+-------------------------------------------
     0 | D:1      | H0rd4k the Human Artificer began the quest for the Orb.
     0 | D:1      | Reached XP level 1. HP: 15/15 MP: 1/1
   115 | D:1      | Reached XP level 2. HP: 21/21 MP: 2/2
   256 | D:1      | Reached XP level 3. HP: 26/26 MP: 3/3
   950 | D:2      | Noticed Terence
   960 | D:2      | Killed Terence
   961 | D:2      | Reached skill level 1 in Short Blades
   961 | D:2      | Reached XP level 4. HP: 24/33 MP: 4/4
  1143 | D:2      | Found a faded altar of an unknown god.
  1744 | D:2      | Noticed Robin
  1750 | D:2      | Killed Robin
  1751 | D:2      | Reached skill level 2 in Short Blades
  1751 | D:2      | Reached XP level 5. HP: 25/38 MP: 5/5
  2073 | D:2      | Found a runed translucent door.
  2074 | D:2      | Noticed Crazy Yiuf
  2973 | D:4      | Noticed an ice beast
  3007 | D:4      | Killed an ice beast
  3008 | D:4      | Reached skill level 3 in Short Blades
  3008 | D:4      | Reached XP level 6. HP: 41/46 MP: 6/6
  3318 | D:4      | Found an ancient bone altar of Kikubaaqudgha.
  3368 | D:4      | Reached skill level 4 in Short Blades
  3369 | D:4      | Reached XP level 7. HP: 27/51 MP: 7/7
  4255 | D:5      | Entered Level 5 of the Dungeon
  4255 | D:5      | You fall into a shaft and drop 2 floors!
  4276 | D:7      | Reached skill level 5 in Short Blades
  4487 | D:6      | Noticed Edmund
  4497 | D:6      | Your ally Edmund died
  4499 | D:6      | Reached XP level 8. HP: 59/59 MP: 8/8
  4869 | D:6      | Reached skill level 5 in Evocations
  5037 | D:5      | Found a staircase to the Ecumenical Temple.
  5057 | Temple   | Entered the Ecumenical Temple
  5186 | Temple   | Became a worshipper of Gozag Ym Sagoz the Greedy
  5269 | D:5      | Reached skill level 6 in Short Blades
  5898 | D:6      | Noticed Maggie
  6177 | D:6      | Noticed Grinder
  6181 | D:6      | Killed Grinder
  6182 | D:6      | Reached skill level 5 in Fighting
  6182 | D:6      | Reached XP level 9. HP: 68/68 MP: 9/9
  6480 | D:7      | Reached skill level 7 in Short Blades
  6525 | D:7      | Noticed Pikel
  6969 | D:7      | Reached skill level 5 in Dodging
  6984 | D:7      | Killed Pikel
  7107 | D:7      | Noticed Joseph
  7133 | D:7      | Killed Joseph
  7134 | D:7      | Reached skill level 8 in Short Blades
  7134 | D:7      | Reached XP level 10. HP: 6/76 MP: 10/10
  7420 | D:7      | Found a blossoming altar of Fedhas.
  7692 | D:8      | Noticed Erica
  7697 | D:8      | Killed Erica
  7758 | D:8      | Found a white marble altar of Elyvilon.
  7785 | D:8      | Found a flagged portal.
  7797 | Bailey   | Entered a bailey
  7999 | Bailey   | Noticed an orc knight
  8016 | Bailey   | Killed an orc knight
  8017 | Bailey   | Reached skill level 9 in Short Blades
  8019 | Bailey   | HP: 3/79 [gnoll/+2 halberd of electrocution (10)]
  8319 | D:8      | Found Poetym Etee's Jewellery Shop.
  8466 | D:8      | Noticed Maurice
  8689 | D:8      | Learned a level 3 spell: Tukima's Dance
  8694 | D:8      | Learned a level 4 spell: Cause Fear
  8750 | D:8      | Noticed Grum
  8797 | D:9      | Reached skill level 1 in Spellcasting
  8844 | D:9      | Found a staircase to the Lair.
  8859 | D:9      | Found Kehank's Tiny Tomes.
  8937 | D:9      | Noticed a cyclops
  9022 | D:9      | Killed a cyclops
  9023 | D:9      | Reached skill level 1 in Hexes
  9036 | D:9      | Found a shadowy altar of Dithmenos.
  9227 | D:9      | Reached XP level 11. HP: 65/84 MP: 14/14
  9250 | D:9      | Found a shimmering blue altar of Sif Muna.
  9329 | D:9      | Noticed a two-headed ogre
  9339 | D:9      | Killed a two-headed ogre
  9363 | D:9      | Reached skill level 1 in Transmutations
  9467 | D:9      | Reached skill level 1 in Translocations
  9797 | D:9      | Reached skill level 5 in Spellcasting
  9983 | D:8      | Killed Grum
 10095 | D:8      | Killed Maurice
 10674 | D:10     | Entered Level 10 of the Dungeon
 10990 | D:9      | Noticed a sixfirhy
 11003 | D:9      | HP: 2/84 [sixfirhy[a kobold demonologist] (9)]
 11338 | D:9      | Bought a warped arbalest for 256 gold pieces
 11338 | D:9      | Identified the +10 arbalest "Nejusitt" {freeze, Str+3 Int+4
                  | Dex-4 Stlth+} (You bought it in a shop on level 9 of the
                  | Dungeon)
 11345 | Lair:1   | Entered Level 1 of the Lair of Beasts
 11352 | Lair:1   | Reached skill level 1 in Ranged Weapons
 11352 | Lair:1   | Reached XP level 12. HP: 51/91 MP: 22/22
 11589 | Lair:1   | Reached skill level 5 in Ranged Weapons
 11651 | Lair:1   | Found a gate leading to a gauntlet.
 11659 | Lair:1   | Identified the +2 kite shield "Kumuqeham" {Contam Rampage
                  | Int+3}
 11693 | Gauntlet | Entered a Gauntlet
 11693 | Gauntlet | Found a transporter.
 11703 | Gauntlet | Found a transporter.
 11718 | Gauntlet | Found a transporter.
 11723 | Gauntlet | Found a transporter.
 11732 | Gauntlet | Noticed a quicksilver ooze
 11740 | Gauntlet | Found a transporter.
 11756 | Gauntlet | Found a transporter.
 11770 | Gauntlet | Noticed a hell beast
 11771 | Gauntlet | Found a transporter.
 11779 | Gauntlet | Found a large runed translucent door.
 11780 | Gauntlet | Found a large runed translucent door.
 11781 | Gauntlet | Found a large runed translucent door.
 11781 | Gauntlet | Found a large runed translucent door.
 11781 | Gauntlet | Noticed a reaper
 11782 | Gauntlet | Found a runed translucent gate.
 11783 | Gauntlet | Found a transporter.
 11783 | Gauntlet | Found a runed translucent gate.
 11784 | Gauntlet | Found a runed translucent gate.
 11785 | Gauntlet | Found a large runed translucent door.
 11785 | Gauntlet | Found a large runed translucent door.
 11786 | Gauntlet | Found a large runed translucent door.
 11787 | Gauntlet | Found a large runed translucent door.
 11795 | Gauntlet | Found a transporter.
 11807 | Gauntlet | Found a transporter.
 11824 | Gauntlet | Found a transporter.
 11842 | Gauntlet | Found a transporter.
 11844 | Gauntlet | Found a transporter.
 11871 | Gauntlet | Found a transporter.
 11891 | Gauntlet | Found a transporter.
 11969 | Gauntlet | Found a transporter.
 11985 | Gauntlet | Found a large runed translucent door.
 11985 | Gauntlet | Found a large runed translucent door.
 11985 | Gauntlet | Found a runed translucent door.
 11985 | Gauntlet | Found a runed translucent door.
 11986 | Gauntlet | Found a large runed translucent door.
 11987 | Gauntlet | Found a large runed translucent door.
 11989 | Gauntlet | Found a transporter.
 12005 | Gauntlet | Found a large runed translucent door.
 12005 | Gauntlet | Found a large runed translucent door.
 12006 | Gauntlet | Found a large runed translucent door.
 12007 | Gauntlet | Found a large runed translucent door.
 12092 | Gauntlet | Found a transporter.
 12117 | Gauntlet | HP: 3/91 [wolf (2)]
 12120 | Gauntlet | Slain by a wolf

Illustrated notes

Levels and vault maps discovered:
D:1:      dpeg_arrival_subterranean_lakeside_camping, layout_loops_ring,
          amcnicky_mini_corridor_feature
D:2:      layout_basic, basic_ecumenical_altar, minmay_hedge_maze, minivault_19,
          uniq_robin, uniq_terence, uniq_crazy_yiuf_cottage
D:3:      layout_rooms
D:4:      layout_layer_cave, nicolae_kikubaaqudgha_miasma_corner,
          minmay_lizard_king
D:5:      layout_cave_pools, minmay_temple_entry_wispy
D:6:      layout_basic, uniq_maggie, uniq_grinder, uniq_edmund
D:7:      layout_rooms, fedhas_altar_4, nrook_mini_vaults,
          minmay_quadrilaterals, uniq_pikel, uniq_joseph
D:8:      layout_basic, lemuel_tele_altar, enter_bailey_3, serial_shops,
          nicolae_square_shop, nicolae_hexahallways, patterned_corridor,
          uniq_erica, uniq_grum, uniq_maurice
D:9:      layout_grid_maze, overflow_temple_1_default, lemuel_crystal_altar,
          lair_entry_dummy, hangedman_decor_push,
          nicolae_shop_i_like_small_books_too
D:10:     kennysheep_blocky_hall, layout_long_grid, serial_demonic,
          serial_demonic_f, serial_demonic_f, serial_demonic_a, serial_demonic_a
Temple:   minmay_crystal_spiral_temple
Lair:1:   layout_cellular_growth, gauntlet_entry_generic,
          infiniplex_staircase_pool_2, grunt_megastairs_3
Gauntlet: gammafunk_gauntlet_one_two_three
          [gammafunk_gauntlet_arena_arrow_garden,
          nicolae_gauntlet_arena_quarters, gammafunk_gauntlet_arena_open,
          gammafunk_gauntlet_arena_grid, gammafunk_gauntlet_arena_spirals,
          gammafunk_gauntlet_arena_chambers,
          minmay_gauntlet_arena_make_your_own_arena,
          gammafunk_gauntlet_arena_crates, nicolae_gauntlet_arena_blocks,
          gauntlet_exit_hidden_loot]

Skill      XL: |  1  2  3  4  5  6  7  8  9 10 11 12 |
---------------+-------------------------------------+-----
Short Blades   | 1 2 3 4 5 6 8 9 |  9.1
Evocations     | 4 5 6 7 |  7.1
Fighting       | 2 3 5 6 7 |  7.3
Dodging        | 2 3 4 5 6 |  6.9
Spellcasting   | 2 7 |  7.1
Hexes          | 1 4 |  4.5
Transmutations | 2 |  2.0
Translocations | 1 |  1.1
Stealth        | 2 3 |  3.7
Ranged Weapons | 1 6 |  6.3
Long Blades    | |  0.1
Maces & Flails | |  0.3
Polearms       | |  0.1
Throwing       | |  0.1
Armour         | |  2.0
Shields        | |  0.1
Conjurations   | |  0.1
Summonings     | |  0.7
Necromancy     | |  0.2
Fire Magic     | |  0.2
Ice Magic      | |  0.3
Air Magic      | |  0.2
Earth Magic    | |  0.2
Poison Magic   | |  0.2
Invocations    | |  0.5

Action                     |  1- 3 |  4- 6 |  7- 9 | 10-12 || total
---------------------------+-------+-------+-------+-------++-------
  Melee: Club              |    28 |       |       |       ||    28
         Dagger            |    70 |       |       |       ||    70
         Short sword       |    10 |   137 |   222 |   593 ||   962
         Punch             |       |     2 |     4 |    10 ||    16
   Fire: Arbalest          |       |       |       |    84 ||    84
 Invoke: Call Merchant     |       |       |       |     1 ||     1
  Evoke: Wand              |     2 |    16 |    20 |    56 ||    94
    Use: Scroll            |       |       |     9 |    15 ||    24
         Potion            |       |       |       |     8 ||     8
   Stab: Sleeping          |     2 |     2 |       |     5 ||     9
         Distracted        |       |     1 |       |       ||     1
 Armour: Leather armour    |    33 |    23 |    27 |   164 ||   247
  Dodge: Dodged            |    65 |    73 |    89 |   385 ||   612
